 Dungeon Crawl Stone Soup version 0.20-a0-638-gd210ae2 (webtiles) character file.

1001 Kiturien the Shield-Bearer (level 8, -4/69 HPs)
             Began as a Hill Orc Fighter on Feb 12, 2017.
             Splashed by a jelly's acid (11 damage)
             ... on level 4 of the Dungeon.
             The game lasted 00:12:24 (4936 turns).

Kiturien the Shield-Bearer (Hill Orc Fighter)       Turns: 4936, Time: 00:12:26

Health: -4/69      AC: -3    Str: 21    XL:     8   Next: 20%
Magic:  7/7        EV:  6    Int:  8    God:
Gold:   188        SH: 10    Dex: 10    Spells: 7/7 levels left

rFire    . . .     SeeInvis .   h - +0 dagger (venom)
rCold    . . .     Gourm    .   j - +0 chain mail
rNeg     . . .     Faith    .   c - +0 shield
rPois    .         Spirit   .   k - +0 helmet
rElec    .         Reflect  .   (no cloak)
rCorr    .         Harm     .   (no gloves)
MR       .....     Clarity  +   p - +0 pair of boots
Stlth    ..........             (no amulet)
Regen    0.3/turn               (no ring)
                                C - ring of stealth

@: corroded, drained
A: clarity, low mp 1, screaming 1, no potion heal 1
a: no special abilities


You were on level 4 of the Dungeon.
You were not hungry.

You visited 1 branch of the dungeon, and saw 4 of its levels.

You collected 188 gold pieces.

Inventory:

Hand Weapons
 a - a +0 war axe
 h - a +0 dagger of venom (weapon)
 t - a +0 flail of holy wrath
Missiles
 B - 2 throwing nets (quivered)
Armour
 c - a +0 shield (worn)
 j - a +0 chain mail (worn)
 k - a +0 helmet (worn)
 p - a +0 pair of boots (worn)
Jewellery
 C - a ring of stealth (left hand)
Wands
 v - a wand of disintegration (11/24)
 A - a wand of lightning (10/15)
Scrolls
 e - a scroll of remove curse {unknown}
 i - a scroll of magic mapping {unknown}
 l - 2 scrolls of teleportation {unknown}
 n - a scroll of amnesia {unknown}
 w - a scroll of random uselessness {unknown}
 y - a scroll of immolation {unknown}
Potions
 b - a potion of agility
 d - a potion of might
 m - a potion of resistance
 o - a potion of ambrosia
 q - a potion of curing
 s - a potion of haste
Comestibles
 f - 5 bread rations
 g - 3 royal jellies


   Skills:
 + Level 5.6(5.4) Fighting
 - Level 0.6(0.4) Short Blades
 * Level 5.3(5.1) Axes
 + Level 5.9(5.7) Armour
 + Level 1.7(1.5) Dodging
 + Level 7.0(6.8) Shields


You had 7 spell levels left.
You didn't know any spells.

Dungeon Overview and Level Annotations

Branches:
Dungeon (4/15)
 Temple: D:4-7

Altars:
Cheibriados
Hepliaklqana
Ru
Yredelemnul


Innate Abilities, Weirdness & Mutations

You possess an exceptional clarity of mind.
Your magical capacity is low. (-10% MP)
You occasionally shout uncontrollably at your foes.
Potions are less effective at restoring your health.


Message History

You see here a club.
There is an open door here.
Things that are here:
a club; a leather armour
Items here: ))) [ a flail; a whip; a club; a leather armour
There is an open door, spattered with blood here.
Things that are here:
a halberd; a spear You see here a whip.
You enter the shallow water.
Moving in this stuff is going to be slow.
You shout at the ogre!
An ogre comes into view. It is wielding a giant club.
The ogre shouts!
The jelly jiggles.
The jelly hits you.
* * * LOW HITPOINT WARNING * * *
You are splashed with acid!
The acid burns!
You die...

.............'.#......#.≈≈≈..P.#
.............#.#..)...#.≈≈≈....#
(............#.##)###.#.≈≈≈....#
.............#.#....#.#.≈≈≈....#
############'###....#.#.≈≈≈....#
.....##......))'(())#.###≈≈....#
###################)#...#≈≈....#
..............).).).#...#≈≈....#
≈≈≈≈≈≈≈≈≈≈≈≈≈≈≈≈@J≈≈#####≈≈....#
≈≈≈≈≈≈≈≈≈≈≈≈≈≈≈)≈≈≈≈≈≈≈≈≈≈≈....#
≈≈≈≈≈≈≈≈≈≈≈≈≈≈≈≈≈≈≈≈≈≈≈≈≈≈≈....#
...).....O......P..............#
..))............).......P......#
################################


You could see an ogre and a jelly.

Vanquished Creatures
  An ogre (D:4)
  A centaur (D:4)
  A jelly (D:4)
  A centaur skeleton (D:4)
  An orc wizard (D:4)
  An orc priest (D:4)
  7 gnoll shamans (D:4)
  33 gnolls (D:4)
  2 adders
  An ooze (D:1)
  An adder zombie (D:3)
  An adder skeleton (D:4)
  3 worms
  2 dart slugs
  4 leopard geckos
  15 orcs
  6 giant cockroaches
  6 goblins
  8 hobgoblins
  29 jackals
  10 bats
  7 frilled lizards
  10 kobolds
  5 rats
  A plant (D:4)
157 creatures vanquished.

Notes
Turn   | Place    | Note
-------+----------+-------------------------------------------
     0 | D:1      | Kiturien the Hill Orc Fighter began the quest for the Orb.
     0 | D:1      | Reached XP level 1. HP: 19/19 MP: 1/1
   138 | D:1      | Reached XP level 2. HP: 14/27 MP: 2/2
   503 | D:1      | Reached XP level 3. HP: 33/33 MP: 3/3
  1336 | D:2      | Reached XP level 4. HP: 34/40 MP: 4/4
  1340 | D:2      | Found a snail-covered altar of Cheibriados.
  1940 | D:3      | Found a sacrificial altar of Ru.
  1940 | D:3      | Found a basalt altar of Yredelemnul.
  2262 | D:3      | Reached skill level 4 in Shields
  2504 | D:4      | Reached XP level 5. HP: 46/47 MP: 5/5
  2571 | D:4      | Reached skill level 1 in Dodging
  2879 | D:4      | Found a hazy altar of Hepliaklqana.
  3084 | D:4      | Noticed a centaur
  3093 | D:4      | Killed a centaur
  3093 | D:4      | Reached XP level 6. HP: 39/55 MP: 6/6
  3445 | D:4      | Reached skill level 5 in Armour
  3469 | D:4      | Reached skill level 5 in Shields
  3511 | D:4      | Reached skill level 5 in Fighting
  3715 | D:4      | Reached XP level 7. HP: 51/61 MP: 7/7
  3890 | D:4      | Reached skill level 6 in Shields
  3997 | D:4      | Gained mutation: You occasionally shout uncontrollably at your foes. [potion of mutation]
  3997 | D:4      | Gained mutation: Potions are less effective at restoring your health. [potion of mutation]
  3997 | D:4      | Gained mutation: Your magical capacity is low. (-10% MP) [potion of mutation]
  3997 | D:4      | Gained mutation: You possess an exceptional clarity of mind. [potion of mutation]
  4111 | D:4      | Reached skill level 5 in Axes
  4111 | D:4      | Reached XP level 8. HP: 13/69 MP: 7/7
  4647 | D:4      | Reached skill level 7 in Shields
  4936 | D:4      | Splashed by a jelly's acid

Vault maps used:
D:1:      matt_arrival_refuge, st_stairs_11
D:2:      cheibriados_altar_1
D:3:      gammafunk_temple_overflow_statue, corexii_leaking_fountain
D:4:      lemuel_castle_with_subvaults, lemuel_coloured_pillars_altar,
          first_bread, grunt_decor_resistance

Skill      XL: |  1  2  3  4  5  6  7  8 |
---------------+-------------------------+-----
Fighting       | 4 5 |  5.6
Axes           | 3 4 5 |  5.3
Armour         | 4 5 |  5.9
Shields        | 4 5 6 7 |  7.0
Dodging        | 1 |  1.7
Short Blades   | |  0.6

Action                   |  1- 3 |  4- 6 |  7- 9 || total
-------------------------+-------+-------+-------++-------
Melee: War axe           |     5 |       |       ||     5
       Dagger            |   132 |   347 |   246 ||   725
  Use: Scroll            |     3 |       |     2 ||     5
       Potion            |       |       |     4 ||     4
  Eat: Chunk             |     1 |     8 |     5 ||    14
Armor: Scale mail        |    10 |       |       ||    10
       Chain mail        |    71 |   189 |   142 ||   402
Dodge: Dodged            |    37 |    75 |    66 ||   178
Block: Shield            |    68 |   168 |   172 ||   408
